 Dungeon Crawl Stone Soup version 0.28-a0-843-gb979743d38 (webtiles) character file.

Game seed: 8879779563340054477

902 Ijustatesigmund the Skirmisher (level 8, -5/53 HPs)
             Began as a Gargoyle Fighter on Nov 12, 2021.
             Slain by an ogre (11 damage)
             ... on level 5 of the Dungeon.
             The game lasted 00:06:11 (5491 turns).

Ijustatesigmund the Skirmisher (Gargoyle Fighter)   Turns: 5491, Time: 00:06:11

Health: -5/53      AC: 13    Str: 19    XL:     8   Next: 7%
Magic:  8/8        EV:  9    Int: 12    God:
Gold:   181        SH:  4    Dex:  9    Spells: 7/7 levels left

rFire   + . .      SeeInvis .   f - +2 whip (flame)
rCold   + . .      Faith    .   c - +0 buckler
rNeg    + . .      Spirit   .   b - +0 scale mail
rPois   ∞          Reflect  .   (no helmet)
rElec   +          Harm     .   h - scarf {rC+ rF+}
rCorr   .          Rampage  .   e - +0 pair of gloves
Will    .....                   (no boots)
Stlth   ..........              (no amulet)
HPRegen 0.17/turn               (no ring)
MPRegen 0.11/turn               (no ring)

@: invisible
A: sickness immunity, AC +5, negative energy resistance 1, electricity
resistance, torment resistance 1, petrification resistance
a: no special abilities


You were on level 5 of the Dungeon.
You visited 1 branch of the dungeon, and saw 5 of its levels.

You collected 181 gold pieces.

Inventory:

Hand Weapons
 a - a +1 flail
 f - a +2 whip of flaming (weapon)
Missiles
 d - a throwing net
 o - 11 poisoned darts (quivered)
Armour
 b - a +0 scale mail (worn)
 c - a +0 buckler (worn)
 e - a +0 pair of gloves (worn)
 h - a scarf of resistance (worn)
Wands
 l - a wand of flame (24)
Scrolls
 g - a scroll of fog
 p - 2 scrolls of enchant weapon
Potions
 i - 4 potions of mutation
 j - 2 potions of flight
 m - a potion of curing
 n - 2 potions of lignification
 q - a potion of brilliance
 r - 2 potions of heal wounds {unknown}


   Skills:
 + Level 7.4 Fighting
 + Level 6.4 Maces & Flails
 + Level 4.0 Armour
 - Level 3.2 Shields


You had 7 spell levels left.
You didn't know any spells.
Your spell library was empty.

Dungeon Overview and Level Annotations

Branches:
Dungeon (5/15)
 Temple: D:4-7

Altars:
Elyvilon

Annotations:
D:3 3 runed translucent doors, flestrin's ghost, amateur TeAE


Innate Abilities, Weirdness & Mutations

You are immune to sickness and miasma.
Your stone body is resilient. (AC +5)
You are immune to poison.
You resist negative energy. (rN+)
You are resistant to electric shocks. (rElec)
You are resistant to unholy torment.
You are immune to petrification.


Message History

The ogre hits you but does no damage.
The ice beast hits you but does no damage.
You hit the ice beast.
You melt the ice beast.
The ice beast is almost dead.
You block the ice beast's attack. The ogre hits you with a +0 giant club!
You closely miss the ice beast.
The ice beast is almost dead.
The ice beast barely misses you.
You whack the ice beast!
You melt the ice beast.
You kill the ice beast!
The ogre hits you with a +0 giant club!!
Your Armour skill increases to level 4!
You have reached level 8!
You feel clever. The ogre closely misses you.
There is an open door, spattered with blood here.
Okay, then.
You fade into invisibility!
The adder barely misses you. The adder closely misses you.
You closely miss the adder. The adder barely misses you.
You hit the adder but do no damage. The adder bites you but does no damage.
You hit the adder. You burn the adder.
The adder is severely wounded.
The adder barely misses you.
You miss the adder.
The adder is severely wounded.
The adder bites you but does no damage.
You hit the adder. You burn the adder.
You kill the adder!
The ogre hits you with a +0 giant club.
There is an open door, spattered with blood here.
You see here an adder corpse.
You completely miss the ogre. The ogre hits you with a +0 giant club!
* * * LOW HITPOINT WARNING * * *
You hit the ogre. You burn the ogre.
The ogre is moderately wounded.
You hit the ogre. You burn the ogre.
The ogre is heavily wounded.
The ogre hits you with a +0 giant club!
You die...

#.###.#.##.# ##..#####
#.# #.#.##.# ........#
#.###.#.##.#### ........#
#..()....#.#...
).......#.#####.####.#.##
........#..............#
........#######.######.#
........######.........#
.......O@....############
........####.#...........
######### #.#.##########
#.#.# # #.#.# #
#.#.##########
#.#...........
#.############
#............#


You could see an ogre.

Vanquished Creatures
  A hornet zombie (D:5)
  A sky beast (D:5)
  An ice beast (D:5)
  An ogre (D:4)
  Blork the orc (D:4)
  A gnoll sergeant (D:4)
  A hound (D:5)
  Crazy Yiuf (D:2)
  Jessica (D:2)
  Natasha (thrice) (D:2)
  Robin (D:4)
  7 gnolls
  8 adders
  A worm (D:4)
  4 dart slugs
  7 orcs
  4 ball pythons
  4 endoplasms
  4 giant cockroaches
  14 goblins
  10 hobgoblins
  3 jackals (D:3)
  4 quokkas
  2 bats
  3 frilled lizards
  8 kobolds
  2 rats
98 creatures vanquished.

Notes
Turn   | Place    | Note
-------+----------+-------------------------------------------
     0 | D:1      | Ijustatesigmund the Gargoyle Fighter began the quest for
                  | the Orb.
     0 | D:1      | Reached XP level 1. HP: 14/14 MP: 1/1
   257 | D:1      | Reached XP level 2. HP: 19/19 MP: 2/2
   778 | D:1      | Found a faded altar of an unknown god.
   952 | D:1      | Reached XP level 3. HP: 24/24 MP: 3/3
  1075 | D:2      | Noticed Natasha
  1083 | D:2      | Killed Natasha
  1084 | D:2      | Reached skill level 4 in Fighting
  1126 | D:2      | Noticed Jessica
  1136 | D:2      | Killed Jessica
  1137 | D:2      | Reached XP level 4. HP: 16/30 MP: 4/4
  1632 | D:2      | Noticed Natasha
  1645 | D:2      | Killed Natasha
  1646 | D:2      | Reached XP level 5. HP: 20/34 MP: 5/5
  1867 | D:2      | Found a runed translucent door.
  1868 | D:2      | Noticed Crazy Yiuf
  1878 | D:2      | Killed Crazy Yiuf
  1879 | D:2      | Reached skill level 5 in Fighting
  2106 | D:2      | Noticed Natasha
  2116 | D:2      | Killed Natasha
  2393 | D:3      | Found a runed translucent gate.
  2393 | D:3      | Found a runed translucent gate.
  2394 | D:3      | Found a runed translucent gate.
  2396 | D:3      | Noticed flestrin's ghost (amateur TeAE)
  2471 | D:3      | Reached XP level 6. HP: 40/40 MP: 6/6
  2697 | D:3      | Found a white marble altar of Elyvilon.
  3312 | D:4      | Noticed Blork the orc
  3329 | D:4      | Killed Blork the orc
  3342 | D:4      | Reached skill level 6 in Fighting
  3600 | D:4      | Noticed Robin
  3607 | D:4      | Reached skill level 5 in Maces & Flails
  3622 | D:4      | Killed Robin
  3763 | D:4      | Reached XP level 7. HP: 42/47 MP: 7/7
  4392 | D:5      | Entered Level 5 of the Dungeon
  5161 | D:5      | Reached skill level 7 in Fighting
  5480 | D:5      | Reached XP level 8. HP: 21/53 MP: 8/8
  5491 | D:5      | Slain by an ogre

Illustrated notes

Levels and vault maps discovered:
D:1:      eino_arrival_druids_welcome, layout_basic,
          ebering_ecumenical_altar_hall
D:2:      layout_basic, patterned_corridor, uniq_crazy_yiuf_cottage,
          uniq_natasha, uniq_jessica
D:3:      layout_loops_corners, elyvilon_altar_4, gammafunk_ghost_necromancy
D:4:      layout_basic, minmay_crystal_room, serial_park_tiny_2,
          kennysheep_generic_room_10, uniq_blork_the_orc, uniq_robin
D:5:      layout_basic, gammafunk_temple_overflow_wave,
          minmay_temple_entry_nine_rooms, minmay_increasing_density

Skill      XL: |  1  2  3  4  5  6  7 |
---------------+----------------------+-----
Fighting       | 4 5 6 7 |  7.4
Maces & Flails | 3 4 5 6 |  6.4
Armour         | 4 |  4.0
Shields        | |  3.2

Action                   |  1- 3 |  4- 6 |  7- 9 || total
-------------------------+-------+-------+-------++-------
Melee: Flail             |    42 |       |       ||    42
       Whip              |    29 |   192 |   153 ||   374
Throw: Dart              |       |     5 |       ||     5
Evoke: Wand              |       |     1 |       ||     1
  Use: Scroll            |       |     5 |     3 ||     8
       Potion            |       |     2 |     3 ||     5
 Stab: Invisible         |       |     1 |       ||     1
Armor: Scale mail        |    40 |    93 |    70 ||   203
       Skin              |       |     3 |       ||     3
Dodge: Dodged            |    25 |    65 |    61 ||   151
Block: Buckler           |    17 |    34 |    22 ||    73

Table legend: (Time is in decaauts)
 A = Elapsed time spent in this place.
 B = Non-inter-level travel time spent in this place.
 C = Inter-level travel time spent in this place.
 D = Time resting spent in this place.
 E = Time spent auto-exploring this place.
 F = Levels seen in this place.
 G = Mean time per level.
                   A        B        C        D        E       F      G
               +--------+--------+--------+--------+--------+-----+--------+
         Total |   5480 |   5392 |     88 |   1994 |   2633 |   5 | 1096.0 |
       Dungeon |   5480 |   5392 |     88 |   1994 |   2633 |   5 | 1096.0 |
               +--------+--------+--------+--------+--------+-----+--------+

Top non-repeatable levels by time:
     D:4: 1751 daAuts
     D:2: 1119 daAuts
     D:1: 1087 daAuts
     D:3: 923 daAuts
     D:5: 599 daAuts
